Map: 세룰리안 폴 - 래더

Players

Ragnarok (SHIN) - Winner!

  • Race: Zerg Zerg
  • League: Grandmaster
  • Spawn Location: 1:00

GuMiho

  • Race: Terran Terran
  • League: Grandmaster
  • Spawn Location: 7:00

Event: IEM Season 13 - Katowice Server Qualifiers Asia 1

VOD

Have the link to the VOD?

Description

Time

  • Played on: Jan. 14, 2019, 4:51 a.m.
  • Length: 4:09

All games in this series

Show
View Real Time Build Order
Export as new Build Order

Ragnarok Zerg - Winner!

Build Orders: Pool First 

Get SALT Encoding   

  12  0:00  Drone  
  13  0:12  Overlord  
  13  0:17  Drone  
  14  0:30  Drone x2  
  16  0:40  Spawning Pool  
  15  0:44  Drone  
  15  0:49  Drone  
  17  1:09  Hatchery  
  16  1:13  Drone  
  17  1:27  Extractor, Zergling x4  
  17  1:28  Zergling x2  
  19  1:33  Queen  
  21  1:40  Spine Crawler  
  21  1:43  Zergling x2  
  21  1:50  Overlord  
  22  2:01  Zergling x2  
  22  2:08  Queen  
  22  2:12  Zergling x2  
  25  2:21  Zergling x2  
  26  2:23  Zergling x2  
  26  2:29  Metabolic Boost  
  27  2:35  Drone  
  28  2:38  Drone  
  28  2:43  Drone  
  30  2:48  Drone  
  30  2:52  Zergling x2  
  31  2:59  Baneling Nest  
  31  3:02  Drone  
  31  3:09  Zergling x4  
  32  3:18  Overlord  
  32  3:21  Zergling x2  
  32  3:22  Zergling x2  
  34  3:34  Zergling x2  
  35  3:43  Baneling x4  
  35  3:44  Baneling  
  35  3:47  Zergling x6  
Show
View Real Time Build Order
Export as new Build Order

GuMiho Terran 

Build Orders:  

Get SALT Encoding   

  12  0:00  SCV  
  13  0:13  SCV  
  14  0:17  Supply Depot  
  14  0:25  SCV  
  15  0:39  SCV  
  15  0:40  Barracks  
  16  0:54  Barracks  
  16  0:56  SCV  
  17  1:09  Barracks  
  17  1:13  SCV  
  18  1:27  Marine  
  18  1:28  Orbital Command  
  19  1:35  Supply Depot  
  19  1:41  Marine  
  19  1:45  Marine  
  21  1:54  SCV  
  21  1:56  Marine  
  21  1:59  Marine  
  24  2:02  Marine  
  24  2:11  Supply Depot  
  24  2:14  Marine  
  25  2:16  Marine  
  25  2:19  Bunker  
  25  2:20  Marine  
  27  2:23  SCV  
  28  2:32  Marine  
  28  2:34  Marine  
  29  2:38  Marine  
  29  2:39  SCV  
  31  2:48  Supply Depot  
  31  2:50  Marine  
  32  2:51  SCV  
  32  2:52  Marine  
  32  2:56  Marine  
  35  3:03  SCV  
  36  3:08  Marine  
  36  3:10  Marine  
  38  3:15  SCV  
  38  3:17  Marine  
  40  3:24  Supply Depot  
  40  3:25  Marine  
  41  3:28  Marine  
  42  3:35  Marine  
  44  3:41  SCV  
  44  3:43  Marine  
  44  3:45  Marine  

Tags
 
Add a new tag
Caveats
  • Supply blocks, unpowered buildings, or Contaminate may cause inaccurate times.
  • Supply counts are checked every 10 seconds.